AoeStats
← |GaoeG| flamingo

MegaRandom

508956897Analyzed
2v2 RM · 7d ago on Sep 24, 2026· 45m 15s· 4 players
Game mode
Random Map
Map size
Medium (4 player)
Population
200
Speed
Normal
Resources
Standard
Victory
Conquest
Starting age
Dark Age
Ending age
Imperial Age
RankedLock teamsTeams togetherTeam positionsShared explorationLock speedFull tech treeHidden civsTurbo modeCheats
Victory
Defeat
🇪🇸 Berbers · Spain
1272
+7
🇪🇸 Franks · Spain
751
+26
🇩🇪 Saxons · Germany
1078
-19
🇷🇺 Slavs · Russia
956
-14
|GaoeG| flamingo
9:46 Loom
11:51 Feudal Age
15:58 Castle Age
14:36 Double-Bit Axe
15:49 Horse Collar
20:13 Fletching
22:07 Bodkin Arrow
24:35 Bow Saw
25:49 Wheelbarrow
26:07 Bloodlines
25:59 Husbandry
27:19 Gold Mining
27:34 Heavy Plow
29:38 Ballistics
30:06 Padded Archer Armor
31:06 Hand Cart
37:25 Imperial Age
35:54 Kasbah
38:55 Conscription
38:46 Bracer
39:01 Leather Archer Armor
39:54 Chemistry
39:57 Gold Shaft Mining
39:14 Stone Mining
40:09 Scale Barding Armor
40:53 Maghrebi Camels
41:49 Chain Barding Armor
41:59 Ring Archer Armor
42:18 Light Cavalry
43:36 Plate Barding Armor
43:11 Forging
42:26 Cavalier
43:25 Hussar
claran33
10:30 Feudal Age
12:50 Double-Bit Axe
15:44 Wheelbarrow
16:39 Gold Mining
16:39 Stone Mining
22:48 Castle Age
24:19 Scale Barding Armor
24:24 Forging
25:05 Hand Cart
29:03 Imperial Age
26:40 Loom
32:07 Husbandry
31:30 Cavalier
32:46 Chain Barding Armor
35:36 Bow Saw
36:25 Iron Casting
38:18 Blast Furnace
Патата
11:09 Feudal Age
11:35 Horse Collar
13:55 Double-Bit Axe
14:37 Loom
17:15 Fishing Lines
22:34 Castle Age
22:24 Bloodlines
23:52 Wheelbarrow
26:25 Husbandry
26:24 Gold Mining
26:47 Bow Saw
31:44 Scale Barding Armor
33:36 Pikeman
34:16 Squires
34:28 Forging
34:33 Detinets
37:23 Imperial Age
35:45 Heavy Plow
37:03 Gillnets
37:53 Scale Mail Armor
40:36 Conscription
Sir Brack
1:49 Loom
12:22 Feudal Age
13:12 Double-Bit Axe
16:13 Scale Barding Armor
16:49 Forging
21:31 Castle Age
20:17 Fletching
23:12 Bow Saw
27:53 Guard Tower
28:04 Bodkin Arrow
33:25 Imperial Age
35:36 Onager
41:40 Keep
Connection lost

Rejoining the realm…

Still unreachable

The connection could not be restored.

Session expired

The server has moved on; the page needs a fresh start.